 Dungeon Crawl Stone Soup version 0.26-a0-244-g083ca260ac (webtiles) character file.

Game seed: 6508392660862253938

21474 DDDD the Carver (level 12, -8/110 HPs)
             Began as a Minotaur Berserker on July 7, 2020.
             Was a High Priest of Trog.
             Mangled by a rust devil (12 damage)
             ... on level 2 of the Orcish Mines on July 8, 2020.
             The game lasted 01:14:53 (10801 turns).

DDDD the Carver (Minotaur Berserker)               Turns: 10801, Time: 01:14:55

Health: -8/110     AC: -9    Str: 27    XL:     12   Next: 54%
Magic:  11/11      EV: 10    Int:  4    God:    Trog [*****.]
Gold:   781        SH:  0    Dex: 16    Spells: 11/11 levels left

rFire    + . .     SeeInvis .   h - +8 triple sword of Doubt {vorpal, Fragile rElec rPois Stlth+}
rCold    . . .     Faith    .   (shield currently unavailable)
rNeg     . . .     Spirit   .   c - +4 plate armour
rPois    +         Reflect  .   (helmet restricted)
rElec    +         Harm     .   F - +2 cloak
rCorr    .                      (no gloves)
MR       .....                  (no boots)
Stlth    ..........             (no amulet)
HPRegen  0.28/turn              Q - +6 ring of dexterity
MPRegen  0.12/turn              H - ring of protection from fire

@: confused, corroded, berserk cooldown, very slightly contaminated, drained,
invisible
A: retaliatory headbutt, horns 2
a: Berserk, Trog's Hand, Brothers in Arms, Renounce Religion


You were on level 2 of the Orcish Mines.
You worshipped Trog.
Trog was extremely pleased with you.
You were not hungry.

You visited 3 branches of the dungeon, and saw 14 of its levels.
You also visited: Sewer, Ossuary and Bailey.

You collected 1297 gold pieces.
You spent 516 gold pieces at shops.

Inventory:

Hand Weapons
 h - the +8 triple sword of Doubt (weapon) {vorpal, Fragile rElec rPois Stlth+}
   (Trog gifted it to you in a bailey)

   It inflicts extra damage upon your enemies.
   It insulates you from electricity.
   It protects you from poison.
   It will be destroyed if unequipped.
   It makes you more stealthy.
 r - a +1 antimagic mace
 v - a +5 vorpal triple sword
 x - a +6 rapier of flaming
Missiles
 j - 6 javelins (quivered)
Armour
 c - a +4 plate armour (worn)
 B - a +3 ring mail of magic resistance
 F - a +2 cloak (worn)
Jewellery
 C - an uncursed ring of see invisible
 H - a ring of protection from fire (right hand)
 Q - a +6 ring of dexterity (left hand)
 S - a +6 ring of intelligence
Wands
 b - a wand of flame (13)
 p - a wand of iceblast (10)
 y - a wand of digging (7)
 O - a wand of disintegration (12)
Scrolls
 a - a scroll of fear {unknown}
 f - a scroll of blinking {unknown}
 k - 6 scrolls of remove curse
 l - 4 scrolls of teleportation
 o - 2 scrolls of fog
 N - a scroll of enchant weapon
 R - a scroll of amnesia {unknown}
Potions
 d - 2 potions of haste
 e - a potion of cancellation {unknown}
 i - 3 potions of might
 n - 3 potions of ambrosia
 q - 7 potions of stabbing
 s - a potion of flight
 t - 3 potions of invisibility
 u - 3 potions of brilliance
 A - 3 potions of curing
 J - 2 potions of magic {unknown}
Comestibles
 g - 9 rations


   Skills:
 + Level 11.4(10.6) Fighting
 - Level 12.1(13.1) Short Blades
 + Level 13.0(14.2) Long Blades
 + Level 12.1(11.3) Armour
 + Level 4.5(3.8) Dodging
 + Level 1.6(0.9) Stealth


You had 11 spell levels left.
You didn't know any spells.
Your spell library contained the following spells:

 Spells                   Type           Power        Failure   Level
 Animate Skeleton         Necr           N/A          99%         1
 Apportation              Tloc           #.....       99%         1
 Beastly Appendage        Tmut           #.....       99%         1
 Corona                   Hex            #......      99%         1
 Sting                    Tmut/Pois      #...         99%         1
 Summon Small Mammal      Summ           #...         99%         1
 Poisonous Vapours        Pois/Air       #.....       100%        2
 Sticks to Snakes         Tmut           #.......     100%        2
 Confusing Touch          Hex            #.......     100%        3
 Gell's Gravitas          Tloc           #.........   100%        3
 Ignite Poison            Fire/Tmut/Pois #.......     100%        3
 Mephitic Cloud           Conj/Pois/Air  #.......     100%        3
 Spider Form              Tmut/Pois      #.........   100%        3
 Ice Form                 Ice/Tmut       #.......     100%        4
 Olgreb's Toxic Radiance  Pois           #.......     100%        4
 Petrify                  Tmut/Erth      #.......     100%        4
 Blade Hands              Tmut           #.........   100%        5
 Metabolic Englaciation   Hex/Ice        #.........   100%        5
 Yara's Violent Unravell  Hex/Tmut       #.........   100%        5


Dungeon Overview and Level Annotations

Branches:
Dungeon (11/15)            Temple (1/1) D:6            Lair (0/6) D:11
    Orc (2/2) D:10          Sewer (visited)         Ossuary (visited)
 Bailey (visited)
    Elf: Orc:2

Altars:
Ashenzari
Cheibriados
Dithmenos
Elyvilon
Fedhas
Gozag
Hepliaklqana
Makhleb
Nemelex Xobeh
Okawaru
Qazlal
Ru
Sif Muna
Trog
Uskayaw
Vehumet
Wu Jian
Xom
Yredelemnul
Zin
The Shining One

Shops:
D:5 ?   D:7 =   Orc:2 *%


Innate Abilities, Weirdness & Mutations

You reflexively headbutt those who attack you in melee.
You have a pair of horns on your head.


Message History

The orc priest closely misses you.
The orc priest miscasts a cantrip.
You slash the orc priest!
The orc priest is severely wounded.
The rust devil hits you.
* * * LOW HITPOINT WARNING * * *
The rust devil corrodes you! The orc priest closely misses you.
The orc priest hits you with a +0 hand axe.
* * * LOW HITPOINT WARNING * * *
The rust devil hits you!
* * * LOW HITPOINT WARNING * * *
The rust devil corrodes you!
Okay, then.
You closely miss the orc priest.
You headbutt the orc priest, but do no damage.
The orc priest looks satisfied for a moment.
The orc priest hits you with a +0 hand axe.
* * * LOW HITPOINT WARNING * * *
The rust devil hits you!
You die...

..........# ..........#####
............#.# ##
..............# #.##
....#......(### #...# ....
.#.##.....)..# ...# .... #
##.#)().#####.## ....###
####.(.oo).#...# ......#
#..((..@4o.)...##
......#####.....o.o.#....##
........##........##......##
.........#)).....####......##
#......<..).)....# ###.##..##
#.........))....## #####.)##
##.......(..##.## ##.)##
##.......(...#### ##).##
#.......(.....# ##.†#


You could see a rust devil, 4 orc priests and an orc.

Vanquished Creatures
  3 two-headed ogres
  A sun demon (Orc:2)
  The ghost of Qilopo the Magician, a novice TrWz of Cheibriados (D:10)
  An unseen horror (D:11)
  The ghost of dricus the Frost Mage, a novice BaIE (D:4)
  2 orc knights (Orc:2)
  An orc sorcerer (Orc:2)
  An ugly thing (D:11)
  Maurice (D:8)
  Psyche (D:8)
  Joseph (D:7)
  A rust devil (Orc:2)
  3 trolls
  Prince Ribbit (D:9)
  2 hippogriffs
  Sigmund (D:5)
  12 yaks
  A wraith (D:10)
  A shadow (D:11)
  A spriggan (D:7)
  A wyvern (D:10)
  A vampire (D:10)
  Grum (D:11)
  A basilisk (D:11)
  A steam dragon (D:10)
  Menkaure (D:4)
  A warg (Orc:2)
  Duvessa (D:7)
  3 porcupines (D:11)
  21 orc warriors
  4 sky beasts
  3 phantoms
  An eye of draining (D:11)
  A necrophage (D:7)
  4 ice beasts
  6 ogres
  2 wolves (D:11)
  3 centaurs
  A hornet zombie (D:8)
  The ghost of Elizilla the Shield-Bearer, an amateur FoFi (D:3)
  4 crocodiles
  11 big kobolds
  2 elf zombies (Ossuary)
  Blork the orc (D:4)
  6 bullfrogs
  Dowan (D:7)
  A water moccasin zombie (D:8)
  2 wyvern skeletons
  A scorpion (D:5)
  6 killer bees (D:8)
  A howler monkey (D:11)
  A crimson imp (D:10)
  A jelly (D:11)
  A bullfrog zombie (D:10)
  A hound (D:7)
  2 human zombies (Ossuary)
  13 orc priests
  A centaur skeleton (D:6)
  3 centaur zombies
  An iguana (D:6)
  15 orc wizards
  7 worker ants
  A big kobold zombie (Ossuary)
  3 hound zombies
  3 mummies
  2 howler monkey zombies (D:7)
  2 worker ant zombies
  11 adders
  18 gnolls
  A howler monkey skeleton (D:6)
  A river rat (D:5)
  4 shadow imps
  3 white imps
  2 ufetubi
  5 oozes
  4 adder zombies
  An adder skeleton (D:4)
  7 worms
  9 leopard geckos
  69 orcs
  15 bats
  4 giant cockroaches
  21 hobgoblins
  14 jackals
  5 quokkas
  3 ball pythons
  2 frilled lizards (Sewer)
  22 goblins
  A goblin zombie (Ossuary)
  11 hobgoblin zombies (Ossuary)
  A jackal zombie (Ossuary)
  69 kobolds
  9 kobold zombies
  8 orc zombies
  2 quokka skeletons
  A quokka zombie (D:8)
  6 rats
  4 plants (D:11)
521 creatures vanquished.

Vanquished Creatures (collateral kills)
  2 skeletal warriors (D:10)
  A yak (D:11)
  A basilisk (D:11)
  A porcupine (D:11)
5 creatures vanquished.

Vanquished Creatures (others)
  An orc (Orc:2)
  2 plants (D:11)
3 creatures vanquished.

Grand Total: 529 creatures vanquished

Notes
Turn   | Place    | Note
-------+----------+-------------------------------------------
     0 | D:1      | DDDD the Minotaur Berserker began the quest for the Orb.
     0 | D:1      | Reached XP level 1. HP: 19/19 MP: 0/0
   399 | D:1      | Reached XP level 2. HP: 26/27 MP: 1/1
   414 | D:2      | Reached skill level 4 in Long Blades
   646 | D:3      | Reached XP level 3. HP: 32/33 MP: 2/2
   949 | D:3      | Reached ** piety under Trog
   966 | D:3      | Reached XP level 4. HP: 41/41 MP: 3/3
  1063 | D:3      | Reached skill level 1 in Short Blades
  1080 | D:3      | Found a runed translucent gate.
  1080 | D:3      | Found a runed translucent gate.
  1080 | D:3      | Found a runed translucent gate.
  1081 | D:3      | Noticed Elizilla's ghost (amateur FoFi)
  1091 | D:3      | Killed Elizilla's ghost
  1091 | D:3      | Reached XP level 5. HP: 47/47 MP: 4/4
  1365 | D:4      | Noticed Blork the orc
  1366 | D:4      | Noticed Menkaure
  1376 | D:4      | Killed Blork the orc
  1376 | D:4      | Reached skill level 5 in Long Blades
  1380 | D:4      | Killed Menkaure
  1380 | D:4      | Reached skill level 5 in Fighting
  1380 | D:4      | Reached XP level 6. HP: 56/56 MP: 5/5
  1388 | D:4      | Upgraded the game from 0.26-a0-227-g1af32d979d to
                  | 0.26-a0-244-g083ca260ac
  1464 | D:4      | Noticed dricus's ghost (novice BaIE)
  1469 | D:4      | Found a runed translucent gate.
  1469 | D:4      | Found a runed translucent gate.
  1471 | D:4      | Found a runed translucent gate.
  1500 | D:4      | Killed dricus's ghost
  1500 | D:4      | Reached skill level 5 in Armour
  1500 | D:4      | Reached XP level 7. HP: 25/62 MP: 6/6
  1587 | D:4      | Reached skill level 5 in Short Blades
  1746 | D:4      | Reached XP level 8. HP: 70/70 MP: 7/7
  1867 | D:4      | Reached *** piety under Trog
  2134 | D:5      | Entered Level 5 of the Dungeon
  2187 | D:5      | Found Fisezukk's Magic Scroll Emporium.
  2293 | D:5      | Bought a scroll of identify for 24 gold pieces
  2293 | D:5      | Bought 2 scrolls of remove curse for 72 gold pieces
  2306 | D:5      | Bought a scroll of enchant armour for 90 gold pieces
  2306 | D:5      | Bought a scroll of enchant armour for 90 gold pieces
  2339 | D:5      | Found a hazy altar of Hepliaklqana.
  2375 | D:5      | Reached **** piety under Trog
  2438 | D:5      | Noticed Sigmund
  2458 | D:5      | Killed Sigmund
  2549 | D:5      | Found a glowing drain.
  2560 | Sewer    | Entered a sewer
  2612 | Sewer    | Reached XP level 9. HP: 74/79 MP: 8/8
  3465 | D:6      | Found a sand-covered staircase.
  3500 | Ossuary  | Entered an ossuary
  3762 | Ossuary  | Reached ***** piety under Trog
  3909 | D:6      | Reached skill level 1 in Stealth
  4268 | D:6      | Found a burning altar of Makhleb.
  4499 | D:6      | Found a staircase to the Ecumenical Temple.
  4513 | Temple   | Entered the Ecumenical Temple
  4830 | D:7      | Reached skill level 10 in Short Blades
  4881 | D:7      | Noticed Joseph
  4899 | D:7      | Killed Joseph
  4944 | D:7      | Noticed Dowan
  4945 | D:7      | Noticed Duvessa
  4955 | D:7      | Found Sauryeq's Jewellery Boutique.
  4967 | D:7      | Killed Duvessa
  4967 | D:7      | Reached XP level 10. HP: 88/88 MP: 9/9
  4996 | D:7      | Killed Dowan
  5029 | D:7      | Bought an uncursed ring of see invisible for 240 gold
                  | pieces
  5330 | D:7      | Received a gift from Trog
  5688 | D:8      | Noticed Maurice
  5698 | D:8      | Killed Maurice
  5819 | D:8      | Found a stormy altar of Qazlal.
  5890 | D:8      | Noticed Psyche
  5898 | D:8      | Killed Psyche
  5951 | D:8      | Reached skill level 10 in Armour
  6150 | D:8      | Found a bloodstained altar of Trog.
  6173 | D:8      | Found an iron altar of Okawaru.
  6173 | D:8      | Found an ornate altar of the Wu Jian Council.
  6173 | D:8      | Found a white marble altar of Elyvilon.
  6174 | D:8      | Found a basalt altar of Yredelemnul.
  6174 | D:8      | Found a snail-covered altar of Cheibriados.
  6178 | D:8      | Found a shattered altar of Ashenzari.
  6178 | D:8      | Found a sacrificial altar of Ru.
  6179 | D:8      | Found a sparkling altar of Nemelex Xobeh.
  6451 | D:9      | Noticed Prince Ribbit
  6459 | D:9      | Killed Prince Ribbit
  6618 | D:9      | Noticed a two-headed ogre
  6625 | D:9      | Killed a two-headed ogre
  7225 | D:10     | Entered Level 10 of the Dungeon
  7281 | D:10     | Found a flagged portal.
  7299 | Bailey   | Entered a bailey
  7413 | Bailey   | Reached XP level 11. HP: 65/97 MP: 10/10
  7415 | Bailey   | Received a gift from Trog
  7422 | Bailey   | Got a scorched triple sword {god gift}
  7424 | Bailey   | Identified the +8 triple sword of Doubt {vorpal, Fragile
                  | rElec rPois Stlth+} (Trog gifted it to you in a bailey)
  7572 | Bailey   | Reached skill level 6 in Long Blades
  7748 | D:10     | Noticed a two-headed ogre
  7764 | D:10     | Killed a two-headed ogre
  8000 | D:10     | Found a staircase to the Orcish Mines.
  8105 | D:10     | Reached skill level 7 in Long Blades
  8190 | D:10     | Received a gift from Trog
  8260 | D:10     | Reached ****** piety under Trog
  8264 | D:10     | Reached skill level 10 in Fighting
  8452 | D:10     | Found a transporter.
  8456 | D:10     | Noticed a skeletal warrior
  8487 | D:10     | Found a transporter.
  8488 | D:10     | Noticed Qilopo's ghost (novice TrWz)
  8489 | D:10     | Noticed a skeletal warrior
  8510 | D:10     | Reached skill level 8 in Long Blades
  8516 | D:10     | Killed Qilopo's ghost
  8527 | D:10     | Killed a skeletal warrior
  8530 | D:10     | Killed a skeletal warrior
  8530 | D:10     | Reached skill level 9 in Long Blades
  8911 | D:11     | Found a staircase to the Lair.
  8930 | D:11     | Reached skill level 10 in Long Blades
  9228 | D:11     | Killed an unseen horror
  9269 | D:11     | Noticed Grum
  9275 | D:11     | Killed Grum
  9334 | D:11     | Reached skill level 11 in Long Blades
  9334 | D:11     | Reached XP level 12. HP: 92/108 MP: 2/11
  9841 | D:11     | Noticed a two-headed ogre
  9851 | D:11     | Killed a two-headed ogre
 10000 | Orc:1    | Entered Level 1 of the Orcish Mines
 10286 | Orc:2    | Entered Level 2 of the Orcish Mines
 10302 | Orc:2    | Reached skill level 12 in Long Blades
 10327 | Orc:2    | Received a gift from Trog
 10750 | Orc:2    | Found Roarph's General Store.
 10753 | Orc:2    | Found Kucist's Food Shoppe.
 10778 | Orc:2    | Reached skill level 13 in Long Blades
 10797 | Orc:2    | HP: 5/110 [orc priest/nerve-wracking pain (4)]
 10800 | Orc:2    | HP: 2/110 [rust devil (8)]
 10801 | Orc:2    | Mangled by a rust devil

Illustrated notes

Levels and vault maps discovered:
D:1:      wander_arrival_desolate, layout_basic
D:2:      layout_basic
D:3:      layout_basic, ebering_ghost_rock_garden
D:4:      minmay_goblin_kobold_castle, layout_basic, kiku_gazebo_pond_becter,
          serial_glass, glass_columns_a, glass_columns_a, feat_on_display,
          feat_on_display, minmay_strange_pillars, due_unseen_surprise,
          serial_shops, shop, gammafunk_ghost_split, uniq_menkaure, uniq_robin,
          uniq_blork_the_orc
D:5:      layout_basic, kennysheep_mini_moat, serial_shops, shop,
          portal_sewer_entry_e, first_ration, uniq_sigmund
D:6:      cheibrodos_thug_alley, layout_basic, kennysheep_little_box,
          temple_hall, nicolae_ossuary_entry_giza
D:7:      layout_rooms, serial_shops, shop, the_bakery, grunt_decor_arrowhead,
          uniq_joseph, uniq_duvessa
D:8:      layout_rooms, grunt_temple_overflow_open, bloody_trog,
          grunt_qazlal_sundering, uniq_maurice, uniq_psyche
D:9:      layout_irregular_city, uniq_prince_ribbit1
D:10:     layout_basic, hiddenorc1_lemuel, enter_bailey_3,
          gammafunk_ghost_mausoleum, minmay_fire_ice_demons
D:11:     layout_irregular_city, minmay_lair_entry_grove, minmay_crystal_room,
          uniq_grum
Temple:   nicolae_temple_figure_zero
Orc:1:    layout_diamond_mine, serial_shops, nicolae_shop_crystal
Orc:2:    pf_orc_diabolical, layout_diamond_mine, serial_shops,
          nicolae_shop_trees, mines_bat_river

Skill      XL: |  1  2  3  4  5  6  7  8  9 10 11 12 |
---------------+-------------------------------------+-----
Long Blades    | 4 5 11 13 | 13.0
Fighting       | 4 5 6 7 8 9 10 11 | 11.4
Armour         | 3 4 5 7 8 10 11 12 | 12.1
Short Blades   | 2 3 4 5 7 10 11 12 | 12.1
Dodging        | 3 4 |  4.5
Stealth        | 1 |  1.6

Action                   |  1- 3 |  4- 6 |  7- 9 | 10-12 || total
-------------------------+-------+-------+-------+-------++-------
Melee: Falchion          |    26 |       |       |       ||    26
       Headbutt          |     8 |    11 |   119 |   130 ||   268
       Short sword       |    48 |    55 |   604 |    92 ||   799
       Rapier            |       |       |       |   184 ||   184
       Triple sword      |       |       |       |   271 ||   271
Invok: Berserk           |     4 |     3 |    12 |    13 ||    32
       Trog's Hand       |       |       |     2 |     4 ||     6
       Brothers in Arms  |       |       |       |     2 ||     2
Evoke: Wand              |       |       |       |     1 ||     1
  Use: Scroll            |       |       |    17 |    19 ||    36
       Potion            |       |       |     1 |     9 ||    10
  Eat: Ration            |     4 |       |     2 |     6 ||    12
Armor: Ring mail         |    12 |       |       |       ||    12
       Animal skin       |     1 |       |       |       ||     1
       Plate armour      |    13 |    28 |   271 |   404 ||   716
Dodge: Dodged            |    46 |    11 |   187 |   317 ||   561
       Rpst.: Falchion   |     7 |       |       |       ||     7
       Triple sword      |       |       |       |    56 ||    56

Table legend:
 A = Non-vault XP
 B = Vault XP
 C = Vault XP percentage of total XP
 D = Non-vault monster count
 E = Vault monster count
 F = Vault count percentage of total count
                 A         B        C        D         E       F
            +---------+---------+-------+---------+---------+-------
      Total |   17238 |   13440 |  43.8 |     246 |     276 |  52.9
            +---------+---------+-------+---------+---------+-------
        D:1 |      12 |       0 |   0.0 |       9 |       0 |   0.0
        D:2 |      15 |       0 |   0.0 |       7 |       0 |   0.0
        D:3 |      97 |     115 |  54.2 |      23 |       1 |   4.2
        D:4 |     167 |    1442 |  89.6 |       3 |      52 |  94.5
        D:5 |     815 |     255 |  23.8 |      25 |       9 |  26.5
        D:6 |     747 |     221 |  22.8 |      21 |      15 |  41.7
        D:7 |    1347 |     871 |  39.3 |      36 |       4 |  10.0
        D:8 |    1042 |     920 |  46.9 |      18 |       2 |  10.0
        D:9 |    1640 |     255 |  13.5 |      20 |       1 |   4.8
       D:10 |    3303 |    2661 |  44.6 |      20 |      31 |  60.8
       D:11 |    5594 |    2260 |  28.8 |      35 |      15 |  30.0
      Orc:1 |     676 |       0 |   0.0 |      15 |       0 |   0.0
      Orc:2 |    1783 |    2936 |  62.2 |      14 |      28 |  66.7
      Sewer |       0 |      89 | 100.0 |       0 |      25 | 100.0
    Ossuary |       0 |     419 | 100.0 |       0 |      39 | 100.0
     Bailey |       0 |     996 | 100.0 |       0 |      54 | 100.0
            +---------+---------+-------+---------+---------+-------
